Kradschützen Motorcycle Team
Construct Light Support Kompanie
Construct Mechanized Kompanie
254 Reconnaissance Tractor
Panzerjäger Mechanized Group
Marder III Tank Destroyer
Marder III Tank Destroyer
Selects Italian Combined Arms Battlegroup
Selects Semovente da 75/18 Assault Gun
Selects Bersaglieri Squad
Selects Vehicle Support - Secure Location
Selects Vehicle Support - Force Recon
Marder III Tank Destroyer